Map: Neon Violet Square LE

Players

IlIlIlIlIlIl (ShoWTimE)

  • Race: Protoss Protoss
  • League: Master
  • Spawn Location: 11:00

RiSky - Winner!

  • Race: Zerg Zerg
  • League: Master
  • Spawn Location: 5:00

VOD

Have the link to the VOD?

Description

Time

  • Played on: Nov. 18, 2017, 2:50 p.m.
  • Length: 14:38
Show
View Real Time Build Order
Export as new Build Order

IlIlIlIlIlIl Protoss 

Build Orders: 1 Gate Expand, Oracle Opening, Carriers, Zealot Archon 

Get SALT Encoding   

  12  0:01  Probe  
  13  0:13  Probe  
  14  0:19  Pylon  
  14  0:25  Probe  
  15  0:37  Probe  
  15  0:40  Gateway  
  16  0:46  Assimilator  
  16  0:50  Probe (Chrono Boost)  
  17  1:01  Probe (Chrono Boost)  
  18  1:05  Probe  
  19  1:17  Probe  
  20  1:27  Nexus  
  20  1:38  Cybernetics Core  
  20  1:41  Probe  
  21  1:47  Assimilator  
  21  1:53  Probe  
  22  1:57  Pylon  
  22  2:05  Probe  
  25  2:15  Adept (Chrono Boost)  
  25  2:17  Probe  
  26  2:23  Stargate  
  26  2:29  Probe  
  27  2:32  Warp Gate  
  27  2:37  Adept  
  29  2:40  Probe (Chrono Boost)  
  32  2:52  Probe x2 (Chrono Boost)  
  32  2:54  Probe x2  
  34  2:59  Pylon  
  34  3:05  Oracle (Chrono Boost)  
  34  3:06  Probe  
  34  3:09  Probe  
  39  3:18  Probe  
  40  3:21  Probe  
  40  3:22  Assimilator  
  40  3:23  Assimilator  
  41  3:30  Probe  
  41  3:32  Oracle (Chrono Boost)  
  41  3:33  Probe  
  46  3:42  Probe  
  46  3:43  Pylon  
  46  3:45  Probe  
  48  3:49  Robotics Facility  
  48  3:54  Probe  
  49  3:57  Probe (Chrono Boost)  
  49  3:58  Pylon  
  50  4:06  Phoenix  
  50  4:09  Probe (Chrono Boost)  
  54  4:14  Twilight Council  
  54  4:16  Probe (Chrono Boost)  
  55  4:18  Probe x2 (Chrono Boost)  
  56  4:28  Gateway  
  56  4:30  Gateway  
  56  4:34  Gateway  
  56  4:41  Warp Prism (Chrono Boost)  
  58  4:54  Templar Archives  
  58  5:02  Nexus  
  58  5:06  Pylon  
  58  5:07  Probe x2  
  58  5:08  Psionic Storm  
  57  5:19  Probe x2  
  59  5:28  Pylon  
  59  5:31  Probe  
  59  5:32  Probe  
  59  5:34  High Templar x3  
  67  5:37  Shield Battery  
  67  5:39  Pylon  
  67  5:44  Probe x2  
  67  5:47  High Templar, Forge  
  71  5:56  Probe x2  
  73  6:08  Probe x2  
  73  6:09  Immortal (Chrono Boost)  
  79  6:15  Assimilator, Probe (Chrono Boost)  
  80  6:19  Protoss Ground Weapons Level 1 (Chrono Boost)  
  80  6:20  Assimilator  
  83  6:27  Probe (Chrono Boost)  
  83  6:30  Probe x2 (Chrono Boost)  
  83  6:31  Probe (Chrono Boost)  
  83  6:32  Probe x2  
  86  6:39  Observer  
  85  6:42  Probe  
  85  6:43  Archon  
  85  6:44  Probe x2  
  84  6:52  Gateway  
  84  6:54  Probe, Sentry x2  
  81  6:56  Zealot x2, Probe  
  81  7:00  Immortal, Robotics Facility  
  94  7:12  Gateway, Probe  
  94  7:13  Gateway  
  94  7:15  Gateway  
  95  7:16  High Templar x2  
  95  7:19  Nexus  
  95  7:20  Photon Cannon  
  95  7:21  Pylon  
  95  7:22  Shield Battery  
  99  7:23  High Templar  
  99  7:24  High Templar  
  99  7:28  Pylon  
  102  7:41  Photon Cannon  
  102  7:43  Pylon  
  102  7:44  Immortal  
  102  7:47  Protoss Ground Weapons Level 2 (Chrono Boost), Shield Battery  
  102  7:48  Pylon  
  102  7:49  High Templar  
  108  7:55  Observer  
  108  7:56  Pylon  
  109  7:59  Pylon  
  109  8:00  Zealot x4  
  117  8:07  Probe x3  
  120  8:15  Assimilator  
  120  8:18  Fleet Beacon  
  120  8:19  Assimilator  
  120  8:20  Stargate  
  120  8:21  Probe x2  
  122  8:28  Immortal  
  122  8:31  Stargate  
  122  8:34  Zealot x2  
  130  8:43  Zealot x4  
  138  8:50  Immortal  
  142  8:58  Charge  
  142  9:02  Carrier (Chrono Boost)  
  148  9:12  Photon Cannon  
  148  9:13  Pylon  
  148  9:14  Shield Battery  
  148  9:15  Mothership (Chrono Boost)  
  156  9:23  Warp Prism  
  158  9:28  Probe  
  159  9:31  Carrier (Chrono Boost)  
  159  9:37  Pylon  
  165  9:43  Carrier (Chrono Boost)  
  171  9:46  Pylon  
  163  9:54  Nexus  
  163  9:57  Graviton Catapult  
  163  9:58  Protoss Air Weapons Level 1  
  163  10:13  Photon Cannon  
  169  10:15  Photon Cannon  
  169  10:25  Stalker x3  
  169  10:26  Zealot x3  
  169  10:27  Zealot  
  171  10:29  Zealot  
  162  10:38  Carrier (Chrono Boost)  
  143  10:47  Zealot x3  
  147  10:51  High Templar x4  
  147  10:54  Zealot  
  149  11:01  Carrier (Chrono Boost)  
  152  11:08  Carrier (Chrono Boost)  
  158  11:14  Shield Battery  
  158  11:15  Shield Battery  
  158  11:16  High Templar  
  158  11:17  Pylon  
  160  11:19  Observer x2  
  162  11:30  Pylon  
  162  11:31  Protoss Ground Weapons Level 3  
  162  11:32  Pylon  
  162  11:37  Carrier (Chrono Boost)  
  166  11:41  Zealot x4  
  166  11:47  Pylon  
  174  11:48  Pylon  
  174  11:53  Zealot x3  
  172  12:00  Zealot  
  171  12:07  Zealot x4  
  155  12:17  Observer  
  155  12:19  Zealot x2  
  155  12:20  Observer  
  156  12:41  High Templar x5  
  150  13:14  Probe x2  
  150  13:18  Pylon  
  152  13:21  Pylon  
  152  13:31  Pylon  
  152  13:32  Pylon  
  152  13:33  Pylon  
  151  13:35  Pylon  
  151  13:45  Nexus  
  151  13:48  Probe  
  146  13:52  Pylon  
  146  13:55  Nexus  
  146  13:59  Assimilator  
  133  14:10  Pylon  
  133  14:21  Pylon  
  135  14:28  Templar Archives  
Show
View Real Time Build Order
Export as new Build Order

RiSky Zerg - Winner!

Build Orders: Hatch First, Lurkers 

Get SALT Encoding   

  12  0:00  Drone  
  13  0:13  Overlord  
  13  0:18  Drone  
  14  0:31  Drone x2  
  14  0:35  Drone  
  17  0:52  Hatchery  
  17  0:56  Drone  
  17  0:58  Drone  
  18  1:11  Extractor  
  17  1:14  Spawning Pool  
  17  1:18  Drone  
  17  1:21  Drone  
  18  1:28  Drone  
  19  1:40  Overlord  
  19  1:50  Drone  
  20  2:01  Queen  
  20  2:02  Zergling x2  
  20  2:04  Queen, Zergling x2  
  26  2:11  Metabolic Boost  
  26  2:13  Drone  
  27  2:17  Drone  
  27  2:22  Drone  
  29  2:26  Drone  
  30  2:33  Drone  
  31  2:38  Drone  
  32  2:44  Hatchery  
  32  2:49  Overlord  
  31  2:52  Drone  
  31  2:55  Drone  
  31  2:58  Drone  
  34  3:06  Drone  
  34  3:11  Drone x3  
  38  3:13  Drone x4  
  38  3:18  Overlord  
  42  3:21  Drone  
  43  3:30  Queen, Spore Crawler  
  44  3:35  Evolution Chamber  
  44  3:36  Drone  
  44  3:39  Queen  
  46  3:43  Drone  
  46  3:44  Drone x2  
  46  3:48  Spore Crawler, Drone  
  48  3:50  Drone  
  48  3:51  Drone  
  48  3:54  Drone  
  52  3:57  Drone  
  52  3:58  Drone  
  54  4:03  Drone  
  54  4:09  Spore Crawler, Drone x3  
  57  4:16  Drone  
  58  4:23  Overlord, Zerg Melee Weapons Level 1  
  58  4:27  Overlord  
  58  4:31  Lair  
  58  4:34  Overlord  
  58  4:41  Queen  
  58  4:42  Overlord, Drone  
  58  4:43  Drone x3  
  58  4:45  Drone x2  
  66  4:47  Overlord  
  66  4:49  Drone  
  66  4:51  Baneling Nest  
  66  4:53  Overlord  
  66  4:54  Drone x2  
  66  4:55  Drone  
  69  5:02  Drone x2  
  69  5:03  Drone  
  69  5:04  Drone  
  69  5:05  Extractor  
  69  5:06  Extractor  
  71  5:07  Extractor x3, Drone  
  71  5:08  Overlord  
  71  5:10  Drone  
  68  5:15  Drone  
  68  5:16  Drone  
  68  5:18  Drone  
  68  5:21  Drone  
  72  5:23  Drone  
  72  5:27  Overlord  
  73  5:30  Drone x2, Hatchery  
  73  5:34  Drone  
  75  5:36  Hydralisk Den  
  75  5:37  Drone  
  75  5:38  Overlord  
  75  5:40  Drone  
  75  5:41  Overlord  
  75  5:42  Drone  
  77  5:46  Overlord  
  77  5:48  Drone  
  77  5:51  Overseer  
  77  5:56  Overlord  
  77  5:57  Centrifical Hooks  
  77  5:59  Overlord  
  77  6:05  Zergling x18  
  77  6:07  Overlord  
  77  6:11  Muscular Augments  
  86  6:13  Overlord  
  86  6:17  Overlord  
  86  6:19  Hydralisk  
  86  6:22  Zerg Melee Weapons Level 2  
  86  6:25  Lurker Den  
  87  6:26  Evolution Chamber, Drone  
  87  6:29  Hydralisk x2  
  91  6:33  Hydralisk  
  91  6:36  Drone x2  
  91  6:39  Drone  
  80  6:40  Drone  
  80  6:41  Drone  
  80  6:43  Drone  
  80  6:46  Drone  
  83  6:48  Drone x2  
  83  6:49  Drone  
  83  6:54  Drone  
  87  6:56  Drone x2  
  87  6:58  Drone x2  
  91  7:01  Zerg Missile Weapons Level 1  
  91  7:05  Drone x2  
  91  7:07  Drone  
  94  7:08  Drone  
  94  7:12  Infestation Pit  
  94  7:14  Drone  
  94  7:15  Drone x2  
  97  7:19  Overseer  
  97  7:21  Drone  
  99  7:22  Drone  
  99  7:25  Drone  
  99  7:27  Overlord  
  99  7:28  Drone x2  
  99  7:29  Hydralisk x2  
  102  7:32  Hydralisk  
  102  7:35  Drone x2  
  102  7:36  Drone x2  
  112  7:40  Hydralisk x2  
  112  7:43  Hydralisk  
  118  7:50  Overlord, Hive  
  118  7:55  Extractor, Drone x5  
  118  7:56  Extractor, Overlord  
  121  8:01  Hydralisk  
  121  8:02  Hydralisk  
  124  8:16  Overlord  
  124  8:19  Pneumatized Carapace  
  124  8:25  Hydralisk  
  124  8:26  Hydralisk x10  
  145  8:34  Baneling x12  
  145  8:35  Zergling x10  
  151  8:41  Lurker  
  151  8:45  Lurker x3  
  151  8:47  Zergling x18  
  163  8:57  Zergling x18  
  163  9:02  Adaptive Talons  
  172  9:03  Zerg Missile Weapons Level 2  
  172  9:07  Zerg Melee Weapons Level 3  
  172  9:10  Zergling x4  
  172  9:11  Zergling x8  
  178  9:17  Overlord  
  178  9:22  Lurker x3  
  181  9:30  Lurker  
  182  9:37  Zergling x4  
  182  9:38  Zergling x26  
  196  9:49  Zergling x2  
  196  9:50  Zergling x16  
  198  9:58  Zergling x2  
  199  10:07  Lurker, Hatchery  
  198  10:13  Baneling x11  
  198  10:25  Adrenal Glands  
  198  10:26  Spire  
  192  10:40  Hydralisk x12  
  196  10:43  Hydralisk x2  
  196  10:48  Spire  
  194  10:52  Hydralisk x3  
  198  11:01  Hydralisk x4  
  200  11:10  Overseer  
  200  11:11  Overseer x2  
  200  11:21  Zerg Ground Armor Level 1  
  200  11:34  Baneling x2  
  200  11:36  Baneling x6  
  200  11:40  Extractor x2  
  200  11:44  Zerg Missile Weapons Level 3  
  198  11:48  Zerg Flyer Armor Level 1  
  172  12:02  Corruptor  
  172  12:03  Corruptor x4  
  172  12:04  Zergling x20  
  172  12:05  Zergling x22  
  172  12:07  Zergling x6  
  195  12:13  Zergling x4  
  188  12:18  Zergling x18  
  174  12:29  Zerg Flyer Weapons Level 1  
  170  12:31  Corruptor x5  
  170  12:37  Corruptor  
  180  12:40  Overlord  
  180  12:42  Zergling x4  
  182  12:48  Zergling x2  
  182  12:49  Zergling x12  
  161  12:51  Zergling x2  
  161  12:54  Corruptor  
  149  12:58  Corruptor  
  149  12:59  Corruptor x3  
  156  13:13  Corruptor x3  
  156  13:15  Zergling x2  
  156  13:16  Zergling x14  
  170  13:20  Overlord  
  170  13:27  Overlord  
  170  13:31  Zergling x18  
  170  13:32  Overlord  
  173  13:38  Overseer x3  
  162  13:42  Overlord  
  162  13:43  Hydralisk x4  
  162  13:46  Overlord  
  170  13:51  Overlord  
  170  13:52  Zergling x4  
  172  14:00  Corruptor  
  172  14:01  Corruptor x6  
Tags
 
Add a new tag
Caveats
  • Supply blocks, unpowered buildings, or Contaminate may cause inaccurate times.
  • Supply counts are checked every 10 seconds.